 Dungeon Crawl Stone Soup version 0.30-a0-135-g630cfc4551 (webtiles) character file.

Game seed: 17417160464741529486

102 LnG the Caller (level 5, 0/28 HPs)
             Began as a Kobold Summoner on Sept 21, 2022.
             Slain by an orc priest
             ... wielding a +0 trident
              (8 damage)
             ... on level 3 of the Dungeon.
             The game lasted 00:10:09 (2399 turns).

LnG the Caller (Kobold Summoner)                    Turns: 2399, Time: 00:10:10

Health: 0/28       AC:  3    Str:  5    XL:     5   Next: 6%
Magic:  5/9        EV: 15    Int: 21    God:
Gold:   119        SH:  0    Dex: 16    Spells: 1/10 levels left

rFire   x . .      SeeInvis .    n - +2 dagger of the Whale {vorpal, Int+3}
rCold   + . .      Faith    .    (no shield)
rNeg    . . .      Spirit   .    a - +0 robe
rPois   .          Reflect  .    k - +0 helmet
rElec   .          Harm     .    (no cloak)
rCorr   .          Rampage  .    (no gloves)
Will    .....                    (no boots)
Stlth   +++.......               (no amulet)
HPRegen 0.09/turn                c - ring of ice
MPRegen 0.11/turn                e - ring of wizardry

@: no status effects
A: small, no large weapons, nightstalker 3
a: no special abilities


You were on level 3 of the Dungeon.
You visited 1 branch of the dungeon, and saw 3 of its levels.

You collected 119 gold pieces.

Inventory:

Hand Weapons
 n - the +2 dagger of the Whale (weapon) {vorpal, Int+3}
   (You found it on level 2 of the Dungeon)

   It inflicts extra damage upon your enemies.
   Int:       It affects your intelligence (+3).
Armour
 a - a +0 robe (worn)
 k - a +0 helmet (worn)
Jewellery
 c - a ring of ice (left hand)
 e - a ring of wizardry (right hand)
 m - a ring of willpower
 o - a ring of poison resistance
Wands
 l - a wand of charming (7)
Scrolls
 d - a scroll of teleportation {unknown}
 f - 2 scrolls of identify {unknown}
 h - a scroll of enchant armour {unknown}
 i - a scroll of enchant weapon {unknown}
 j - a scroll of immolation {unknown}
 q - a scroll of poison {unknown}
Potions
 b - a potion of magic
 g - 2 potions of brilliance {unknown}
 p - 2 potions of might {unknown}


   Skills:
 + Level 0.1 Fighting
 + Level 0.7 Polearms
 + Level 2.6 Dodging
 + Level 3.3 Stealth
 + Level 0.4 Unarmed Combat
 + Level 3.0 Spellcasting
 + Level 5.0 Summonings


You had one spell level left.
You knew the following spells:

 Your Spells              Type           Power      Damage    Failure   Level
a - Summon Small Mammal   Summ           96%        N/A       1%          1
b - Call Imp              Summ           24%        N/A       1%          2
c - Call Canine Familiar  Summ           24%        N/A       1%          3
d - Summon Guardian Gole  Hex/Summ       13%        N/A       6%          3

Your spell library contained the following spells:

 Spells                   Type           Power      Damage    Failure   Level
 Summon Ice Beast         Ice/Summ       20%        N/A       19%         4
 Summon Lightning Spire   Summ/Air       13%        N/A       19%         4
 Summon Mana Viper        Hex/Summ       13%        N/A       45%         5
 Monstrous Menagerie      Summ           12%        N/A       99%         7


Dungeon Overview and Level Annotations

Branches:
Dungeon (3/15)

Altars:

Annotations:
D:3 Robin


Innate Abilities, Weirdness & Mutations

You are small and have problems with some larger weapons.
You are completely attuned to the shadows.


Message History

Confirm with . or Enter, or press ? or * to list all spells.
Your quokka bites Robin.
The kobold completely misses you. Robin hits your quokka with a +0 whip.
Your hound completely misses the kobold.
Your quokka closely misses the kobold.
Your hound bites the kobold.
Something hits your quokka.
Your quokka dies!
Your quokka's corpse disappears in a puff of smoke!
The kobold hits your hound but does no damage.
The kobold hits your hound with a +0 club.
Robin barely misses your hound.
You hit the kobold but do no damage.
The kobold is severely wounded.
Your hound barely misses the kobold.
The orc hits your hound but does no damage.
Your hound completely misses the kobold.
The kobold barely misses you. Robin barely misses your hound.
Unknown command.
You hit the kobold.
You kill the kobold!
Your hound barely misses the orc.
Robin roars a battlecry!
The orc hits your hound with a +0 short sword.
You hear a shout!
Your hound bites the orc.
The orc priest closely misses you.
Your hound barely misses the orc.
The orc hits your hound with a +0 short sword.
You see here a +0 club.
The hobgoblin no longer looks unusually strong.
Your hound barely misses the orc.
The orc priest hits you from afar with a +0 trident.
* * * LOW HITPOINT WARNING * * *
Robin closely misses your hound. The orc misses your hound.
You hit the hobgoblin.
The hobgoblin is heavily wounded.
Your hound bites the orc.
The orc dies!
The hobgoblin closely misses you.
The orc priest hits you from afar with a +0 trident!
You die... #.......# #.......# #.......# ########.......## #>............... #.######...g...# . #)# #....))g##.. ggo

....g.ogh.... ..g..
..).g.#.#@###
o............#.#.#####.#
.....#.#.##....#
....#.#.##....#
#.##....#.##
#.......#...#
####....#.#.#
####.....###
.....)......


You could see Robin (distracted), an orc priest, 2 hobgoblins, a goblin (strong)
and a friendly hound (summoned).

Vanquished Creatures
  Jessica (D:2)
  A worm (D:2)
  2 dart slugs (D:2)
  2 ball pythons (D:2)
  2 giant cockroaches
  A goblin (D:2)
  A hobgoblin (D:2)
  A kobold (D:3)
  A quokka (D:2)
  A bat (D:2)
13 creatures vanquished.

Vanquished Creatures (collateral kills)
  An adder (D:2)
  A worm (D:2)
  A dart slug (D:1)
  2 orcs (D:3)
  5 ball pythons
  4 endoplasms (D:1)
  2 giant cockroaches
  8 goblins
  5 hobgoblins
  A quokka (D:1)
  2 bats (D:1)
  A frilled lizard (D:1)
  2 kobolds (D:1)
  2 rats
37 creatures vanquished.

Grand Total: 50 creatures vanquished

Notes
Turn   | Place    | Note
-------+----------+-------------------------------------------
     0 | D:1      | LnG the Kobold Summoner began the quest for the Orb.
     0 | D:1      | Reached XP level 1. HP: 10/10 MP: 3/3
   210 | D:1      | Reached XP level 2. HP: 15/15 MP: 1/5
   231 | D:1      | Learned a level 2 spell: Call Imp
   263 | D:1      | Found a faded altar of an unknown god.
   647 | D:1      | Reached XP level 3. HP: 19/19 MP: 3/6
   657 | D:1      | Learned a level 3 spell: Call Canine Familiar
  1491 | D:2      | Reached XP level 4. HP: 24/24 MP: 8/8
  1765 | D:2      | Identified the +2 dagger of the Whale {vorpal, Int+3}
  1991 | D:2      | Noticed Jessica
  1996 | D:2      | Killed Jessica
  2167 | D:3      | Learned a level 3 spell: Summon Guardian Golem
  2289 | D:3      | Noticed Robin
  2319 | D:3      | Reached skill level 5 in Summonings
  2319 | D:3      | Reached XP level 5. HP: 17/28 MP: 1/9
  2399 | D:3      | Slain by an orc priest

Illustrated notes

Levels and vault maps discovered:
D:1:      elethiomel_arrival_maze, layout_loops_ring,
          hellmonk_ecumenical_altar_zigzags
D:2:      layout_loops_ring, minmay_distorted, uniq_jessica
D:3:      layout_basic, uniq_robin

Skill      XL: |  1  2  3  4 |
---------------+-------------+-----
Stealth        | 3 |  3.3
Spellcasting   | 3 |  3.0
Summonings     | 5 |  5.0
Fighting       | |  0.1
Polearms       | |  0.7
Dodging        | |  2.6
Unarmed Combat | |  0.4

Action                   |  1- 3 |  4- 6 || total
-------------------------+-------+-------++-------
Melee: Unarmed           |    13 |       ||    13
       Trident           |    13 |    18 ||    31
       Dagger            |       |    17 ||    17
 Cast: Summon Small Mamm |    11 |     6 ||    17
       Call Imp          |     8 |       ||     8
       Call Canine Famil |     6 |     6 ||    12
       Summon Guardian G |       |     1 ||     1
 Stab: Sleeping          |     2 |     4 ||     6
Armor: Robe              |     6 |     5 ||    11
Dodge: Dodged            |    11 |    23 ||    34

Table legend: (Time is in decaauts)
 A = Elapsed time spent in this place.
 B = Non-inter-level travel time spent in this place.
 C = Inter-level travel time spent in this place.
 D = Time resting spent in this place.
 E = Time spent auto-exploring this place.
 F = Levels seen in this place.
 G = Mean time per level.
                   A        B        C        D        E       F      G
               +--------+--------+--------+--------+--------+-----+--------+
         Total |   2406 |   2378 |     28 |    398 |   1226 |   3 |  802.0 |
       Dungeon |   2406 |   2378 |     28 |    398 |   1226 |   3 |  802.0 |
               +--------+--------+--------+--------+--------+-----+--------+

Top non-repeatable levels by time:
     D:1: 1209 daAuts
     D:2: 937 daAuts
     D:3: 259 daAuts
